 Dungeon Crawl Stone Soup version 0.30-a0-862-g1aabd4f9c5 (webtiles) character file.

Game seed: 16928936794102503640

167 jasper the Shield-Bearer (level 5, 0/41 HPs)
             Began as a Demonspawn Fighter on Mar 9, 2023.
             Succumbed to an orc wizard's poison
             ... on level 3 of the Dungeon.
             The game lasted 00:03:47 (2141 turns).

jasper the Shield-Bearer (Demonspawn Fighter)       Turns: 2141, Time: 00:03:47

Health: 0/41       AC: 15    Str: 18    XL:     5   Next: 23%
Magic:  5/5        EV:  5    Int:  9    God:
Gold:   187        SH:  5    Dex: 13    Spells: 4/4 levels left

rFire   . . .      SeeInvis .    l - +1 sling (freeze)
rCold   . . .      Faith    .    c - +0 buckler
rNeg    . . .      Spirit   .    i - +0 plate armour
rPois   .          Reflect  .    m - +0 helmet
rElec   .          Rampage  .    (no cloak)
rCorr   .                        (no gloves)
Will    .....                    (no boots) Stlth
                                 (no amulet)
HPRegen 0.26/turn                (no ring)
MPRegen 0.09/turn                (no ring)

@: lethally poisoned (0 -> -30)
A: molten scales 2, foul stench 1
a: no special abilities


You were on level 3 of the Dungeon.
You visited 1 branch of the dungeon, and saw 3 of its levels.

You collected 187 gold pieces.

Inventory:

Hand Weapons
 a - a +0 war axe
 l - a +1 sling of freezing (weapon)
 r - a +1 hand axe of flaming
Missiles
 f - 6 poisoned darts
 h - 25 stones
 s - 2 boomerangs
Armour
 b - a +0 scale mail
 c - a +0 buckler (worn)
 e - a +0 chain mail
 i - a +0 plate armour (worn)
 m - a +0 helmet (worn)
Jewellery
 g - a ring of see invisible
 j - a ring of wizardry
Wands
 p - a wand of paralysis (9)
Scrolls
 o - a scroll of teleportation
 q - a scroll of identify
Potions
 d - a potion of might
 k - 2 potions of heal wounds {unknown}
 n - a potion of cancellation


   Skills:
 - Level 3.0 Fighting
 * Level 2.2 Axes
 - Level 3.1 Ranged Weapons
 - Level 2.6 Armour
 - Level 4.0 Shields


You had 4 spell levels left.
You didn't know any spells.
Your spell library contained the following spells:

 Spells                   Type           Power      Damage    Failure   Level
 Ensorcelled Hibernation  Hex/Ice        0%         N/A       100%        2
 Passwall                 Tmut/Erth      0%         N/A       100%        2
 Swiftness                Air            0%         N/A       100%        3


Dungeon Overview and Level Annotations

Branches:
Dungeon (3/15)

Altars:


Innate Abilities, Weirdness & Mutations

You are mostly covered in molten scales. (AC +3)
You may rarely emit foul miasma when damaged in melee.


Message History

Press: ? - help, Q - select action, (/) - cycle Shift-Dir - straight line, f/p - orc
Aim: an orc, wielding a +0 hand axe (almost dead, 57% to hit)
You shoot a sling bullet. The sling bullet hits the orc.
The sling bullet freezes the orc.
You kill the orc!
You hear some strange, mumbled words.
You are confused.
Non-targeted confused fire: l) +1 sling (freeze)
Press: ? - help, Q - select action, (/) - cycle Dir - look around, f - activate You shoot a sling bullet.
Something hits you but does no damage.
You are poisoned.
Something hits you but does no damage.
You are more poisoned.
Non-targeted confused fire: l) +1 sling (freeze)
Press: ? - help, Q - select action, (/) - cycle Dir - look around, f - activate You shoot a sling bullet.
You feel extremely sick.
You hear some strange, mumbled words.
A magic dart appears from out of thin air!
The magic dart hits you.
You take 14 damage, and have 15/41 hp.
MASSIVE DAMAGE!!
Non-targeted confused fire: l) +1 sling (freeze)
Press: ? - help, Q - select action, (/) - cycle Dir - look around, f - activate You shoot a sling bullet.
You feel less confused.
* * * LOW HITPOINT WARNING * * *
You feel very sick. Something hits you but does no damage.
You are lethally poisoned!
Something hits you but does no damage.
You are more poisoned.
You take 4 damage, and have 11/41 hp.
Fire: l) +1 sling (freeze)
Press: ? - help, Q - select action, (/) - cycle Shift-Dir - straight line, f - orc
Aim: an orc, wielding a +0 hand axe (severely wounded, 57% to hit)
You shoot a sling bullet. The sling bullet hits the orc.
The sling bullet freezes the orc.
You kill the orc!
You die...

#.#.# #.#.# #.#.#
##'#.##############
#..................
#...>........######
#...########..####
#...# ##....# ##@##
#....# #{# #....##
#)# ####...
#w######## ####
##.........
##.)........
#.........).
#............
#....)........


You could see a dart slug.

Vanquished Creatures
  Ijyb (D:3)
  7 adders
  A worm (D:2)
  2 dart slugs (D:2)
  7 orcs (D:3)
  13 bats
  3 endoplasms
  3 giant cockroaches
  A goblin (D:3)
  9 hobgoblins
  5 kobolds
  A quokka (D:3)
  4 ball pythons
  8 frilled lizards
  4 rats
69 creatures vanquished.

Notes
Turn   | Place    | Note
-------+----------+-------------------------------------------
     0 | D:1      | jasper the Demonspawn Fighter began the quest for the Orb.
     0 | D:1      | Reached XP level 1. HP: 18/18 MP: 1/1
    83 | D:1      | Reached skill level 3 in Shields
    97 | D:1      | Gained mutation: You may rarely emit foul miasma when
                  | damaged in melee. [demonic ancestry]
    97 | D:1      | Reached XP level 2. HP: 21/24 MP: 2/2
   949 | D:2      | Gained mutation: You are partially covered in molten
                  | scales. (AC +2) [demonic ancestry]
   949 | D:2      | Reached XP level 3. HP: 29/29 MP: 3/3
  1104 | D:2      | Reached skill level 4 in Shields
  1124 | D:2      | Reached skill level 1 in Ranged Weapons
  1333 | D:2      | Gained mutation: You are mostly covered in molten scales.
                  | (AC +3) [demonic ancestry]
  1333 | D:2      | Reached XP level 4. HP: 35/35 MP: 4/4
  1883 | D:3      | Noticed Ijyb
  1888 | D:3      | Paralysed by Ijyb for 4 turns
  1892 | D:3      | Killed Ijyb
  1893 | D:3      | Reached XP level 5. HP: 36/41 MP: 5/5
  2141 | D:3      | Succumbed to an orc wizard's poison

Illustrated notes

Levels and vault maps discovered:
D:1:      grunt_arrival_lava_bath, layout_loops_ring
D:2:      layout_basic
D:3:      layout_basic, uniq_ijyb

Skill      XL: |  1  2  3  4  5 |
---------------+----------------+-----
Shields        | 3 4 |  4.0
Ranged Weapons | 1 3 |  3.1
Axes           | 2 |  2.2
Fighting       | |  3.0
Armour         | |  2.6

Action                     |  1- 3 |  4- 6 || total
---------------------------+-------+-------++-------
  Melee: War axe           |    66 |       ||    66
   Fire: Sling             |    66 |    96 ||   162
  Throw: Dart              |     4 |       ||     4
    Use: Scroll            |     1 |     1 ||     2
 Armour: Scale mail        |     5 |       ||     5
         Chain mail        |   100 |       ||   100
         Plate armour      |     5 |    70 ||    75
  Dodge: Dodged            |    54 |    21 ||    75
  Block: Buckler           |    48 |    21 ||    69

Table legend: (Time is in decaauts)
 A = Elapsed time spent in this place.
 B = Non-inter-level travel time spent in this place.
 C = Inter-level travel time spent in this place.
 D = Time resting spent in this place.
 E = Time spent auto-exploring this place.
 F = Levels seen in this place.
 G = Mean time per level.
                   A        B        C        D        E       F      G
               +--------+--------+--------+--------+--------+-----+--------+
         Total |   2415 |   2390 |     25 |      8 |   1420 |   3 |  805.0 |
       Dungeon |   2415 |   2390 |     25 |      8 |   1420 |   3 |  805.0 |
               +--------+--------+--------+--------+--------+-----+--------+

Top non-repeatable levels by time:
     D:1: 1077 daAuts
     D:2: 839 daAuts
     D:3: 498 daAuts
